 Dungeon Crawl Stone Soup version 0.29.0-13-gc9e81de378 (webtiles) character file.

Game seed: 3481728842009500604

1204 smilodon the Trooper (level 8, -3/62 HPs)
             Began as a Demonspawn Fighter on Sept 9, 2022.
             Slain by a water moccasin (5 damage)
             ... on level 5 of the Dungeon.
             The game lasted 00:13:36 (7057 turns).

smilodon the Trooper (Demonspawn Fighter)           Turns: 7057, Time: 00:13:36

Health: -3/62      AC: 23    Str: 18    XL:     8   Next: 21%
Magic:  8/8        EV:  9    Int: 11    God:
Gold:   78         SH:  5    Dex: 12    Spells: 7/7 levels left

rFire   + . .      SeeInvis .   a - +1 flail (protect)
rCold   x . .      Faith    .   c - +0 buckler
rNeg    . . .      Spirit   .   k - +1 chain mail
rPois   .          Reflect  .   (no helmet)
rElec   .          Harm     .   e - +1 cloak
rCorr   .          Rampage  .   (no gloves)
Will    .....                   (boots unavailable)
Stlth   ..........              (no amulet)
HPRegen 0.20/turn               g - +4 ring of protection
MPRegen 0.11/turn               r - ring of fire

@: lethally poisoned (-3 -> -16), under a protective aura
A: hooves 3, powered by pain 2, sturdy frame 1
a: no special abilities


You were on level 5 of the Dungeon.
You visited 1 branch of the dungeon, and saw 6 of its levels.
You also visited: Sewer and Ossuary.

You collected 276 gold pieces.
You spent 198 gold pieces at shops.

Inventory:

Hand Weapons
 a - a +1 flail of protection (weapon)
 i - a +0 dagger of venom
 G - a +2 antimagic bardiche
Armour
 b - a +0 scale mail
 c - a +0 buckler (worn)
 e - a +1 cloak (worn)
 k - a +1 chain mail (worn)
 D - a +0 pair of boots
 I - the +4 ring mail "Buabb" {Str+4 Int-4}
   (You bought it in a shop on level 5 of the Dungeon)

   Str:       It affects your strength (+4).
   Int:       It affects your intelligence (-4).
 J - a +1 scale mail of cold resistance
Jewellery
 g - a +4 ring of protection (left hand)
 r - a ring of fire (right hand)
 s - a ring of positive energy
Wands
 o - a wand of flame (16) (quivered)
 u - a wand of polymorph (8)
 A - a wand of roots (5)
Scrolls
 d - 2 scrolls of poison
 q - 4 scrolls of fog
 t - a scroll of magic mapping
 w - a scroll of immolation
 y - 3 scrolls of summoning
 B - a scroll of amnesia
Potions
 f - a potion of flight
 h - 4 potions of brilliance
 l - a potion of attraction
 n - 2 potions of mutation
 p - 2 potions of resistance
 C - a potion of ambrosia
 H - a potion of berserk rage


   Skills:
 + Level 5.1 Fighting
 + Level 4.0 Maces & Flails
 + Level 4.6 Armour
 * Level 4.6 Dodging
 + Level 4.5 Shields


You had 7 spell levels left.
You didn't know any spells.
Your spell library contained the following spells:

 Spells                   Type           Power      Damage    Failure   Level
 Ensorcelled Hibernation  Hex/Ice        0%         N/A       99%         2
 Sublimation of Blood     Necr           0%         N/A       99%         2
 Wereblood                Tmut           0%         N/A       99%         2
 Dazzling Flash           Conj/Hex       0%         N/A       100%        3
 Spider Form              Tmut/Pois      0%         N/A       100%        3
 Anguish                  Hex/Necr       0%         N/A       100%        4
 Iskenderun's Mystic Bla  Conj/Tloc      0%         2d3       100%        4
 Starburst                Conj/Fire      0%         6d3       100%        6
 Summon Hydra             Summ           0%         N/A       100%        7


Dungeon Overview and Level Annotations

Branches:
Dungeon (6/15)              Sewer (visited)         Ossuary (visited)
 Temple: D:4-7

Altars:
Nemelex Xobeh
Qazlal
Trog
Uskayaw
Wu Jian

Shops:
D:5 [(


Innate Abilities, Weirdness & Mutations

You have hooves in place of feet.
You sometimes gain power by taking damage.
Your movements are slightly less encumbered by armour. (ER -2)


Message History

The water moccasin is heavily wounded.
You feel very sick. You block the gnoll's attack. The water moccasin bites you.
* * * LOW HITPOINT WARNING * * *
You block the gnoll's attack.
Unknown command.
You feel better. The water moccasin bites you!
* * * LOW HITPOINT WARNING * * *
You are poisoned.
The water moccasin poisons you! The water moccasin barely misses you.
The gnoll hits you but does no damage.
You hit the water moccasin.
Your weapon exudes an aura of protection.
Your kick misses the water moccasin.
The water moccasin is heavily wounded.
You feel very sick. The water moccasin closely misses you.
The gnoll barely misses you.
You hit the water moccasin but do no damage.
Your kick misses the water moccasin.
The water moccasin is heavily wounded.
You feel very sick.
The water moccasin bites you but does no damage. x2
The gnoll barely misses you.
You barely miss the water moccasin. You kick the water moccasin!
The water moccasin is almost dead.
You feel sick. The water moccasin closely misses you.
The gnoll hits you with a +3 halberd of venom.
* * * LOW HITPOINT WARNING * * *
You are more poisoned.
The water moccasin bites you but does no damage.
You feel better. You block the water moccasin's attack.
The gnoll hits you with a +3 halberd of venom.
* * * LOW HITPOINT WARNING * * *
You are lethally poisoned!
You miss the water moccasin.
The water moccasin is almost dead.
* * * LOW HITPOINT WARNING * * *
You feel very sick. The water moccasin bites you.
You die...

#####..####..# #~.~# #..+.....
##...........############.##....#
...##.#######..........##.##....#
.####.# ##............##.####'##
.####.####..##....####....####.#
...........###.##.# #...#..##.#
..........####.#..########.∩...#
##..........##.#gS#~# #.#####
..........#.....@.#l# #...##
.#..............#.#~# ###..###
.........<........### ##....
#########.....###.# ##### ##.##
#*~PP,,*#...#.....####...# ###
#########...###..#.......#
##~.PP.##...####.#.......# ******
#########................#*#~~b.~
............######.......#P#~###~


You could see a water moccasin, a gnoll and a frilled lizard.

Vanquished Creatures
  Grinder (D:3)
  A phantom (D:4)
  2 bullfrogs (Sewer)
  3 scorpions
  A wight (D:5)
  3 centaur zombies (Ossuary)
  2 jellies (D:4)
  3 human zombies
  A hound (D:4)
  2 iguanas (D:5)
  2 mummies (Ossuary)
  4 gnolls (D:6)
  A river rat (D:5)
  8 adders
  A shadow imp (D:5)
  A dart slug (D:4)
  2 orcs (D:4)
  15 endoplasms
  10 giant cockroaches
  5 hobgoblins
  3 kobolds
  12 quokkas
  15 ball pythons
  4 bats
  10 frilled lizards
  A gnoll zombie (Ossuary)
  11 goblins
  A hobgoblin zombie (Ossuary)
  A jackal zombie (D:4)
  A kobold zombie (Ossuary)
  13 rats
140 creatures vanquished.

Vanquished Creatures (others)
  5 fungi (D:5)
5 creatures vanquished.

Grand Total: 145 creatures vanquished

Notes
Turn   | Place    | Note
-------+----------+-------------------------------------------
     0 | D:1      | smilodon the Demonspawn Fighter began the quest for the
                  | Orb.
     0 | D:1      | Reached XP level 1. HP: 18/18 MP: 1/1
   423 | D:1      | Found a faded altar of an unknown god.
   501 | D:1      | Gained mutation: You have large cloven feet. [demonic
                  | ancestry]
   501 | D:1      | Reached XP level 2. HP: 24/24 MP: 2/2
  1657 | D:2      | Gained mutation: You sometimes gain a little power by
                  | taking damage. [demonic ancestry]
  1657 | D:2      | Reached XP level 3. HP: 13/29 MP: 3/3
  2602 | D:3      | Reached XP level 4. HP: 32/35 MP: 4/4
  2986 | D:3      | Noticed Grinder
  2994 | D:3      | Paralysed by Grinder for 5 turns
  2999 | D:3      | Killed Grinder
  3000 | D:3      | Gained mutation: Your movements are slightly less
                  | encumbered by armour. (ER -2) [demonic ancestry]
  3000 | D:3      | Reached XP level 5. HP: 16/42 MP: 5/5
  3285 | D:3      | Gained mutation: You have hoof-like feet. [demonic
                  | ancestry]
  3285 | D:3      | Reached XP level 6. HP: 48/48 MP: 6/6
  3392 | D:3      | Reached skill level 4 in Fighting
  3885 | D:4      | Found a sand-covered staircase.
  3903 | Ossuary  | Entered an ossuary
  4014 | Ossuary  | Gained mutation: You have hooves in place of feet. [demonic
                  | ancestry]
  4014 | Ossuary  | Reached XP level 7. HP: 37/55 MP: 7/7
  4775 | D:5      | Entered Level 5 of the Dungeon
  4955 | D:5      | Found a glowing drain.
  4966 | Sewer    | Entered a sewer
  5396 | Sewer    | Gained mutation: You sometimes gain power by taking damage.
                  | [demonic ancestry]
  5396 | Sewer    | Reached XP level 8. HP: 42/61 MP: 8/8
  5643 | D:5      | Found Logap's Weapon Boutique.
  5705 | D:5      | Reached skill level 5 in Fighting
  5715 | D:5      | Found Wyshois's Antique Armour Shoppe.
  5727 | D:5      | Bought a smelly ring mail for 198 gold pieces
  5727 | D:5      | Identified the +4 ring mail "Buabb" {Str+4 Int-4} (You
                  | bought it in a shop on level 5 of the Dungeon)
  5881 | D:5      | Found a bloodstained altar of Trog.
  5887 | D:5      | Found a stormy altar of Qazlal.
  5890 | D:5      | Found an ornate altar of the Wu Jian Council.
  5890 | D:5      | Found a sparkling altar of Nemelex Xobeh.
  5897 | D:5      | Found a hide-covered altar of Uskayaw.
  7057 | D:5      | HP: 2/62 [poisoned by a gnoll]
  7057 | D:5      | Slain by a water moccasin

Illustrated notes

Levels and vault maps discovered:
D:1:      saegor_arrival_fortress, layout_basic, ebering_ecumenical_altar_ruins
D:2:      layout_basic, kennysheep_boxes
D:3:      layout_basic, uniq_grinder
D:4:      layout_basic, enter_ossuary_3
D:5:      layout_rooms, nicolae_overflow_hallway_of_the_gods, serial_aquarium,
          aquarium_bridge_square [aquarium_subvault_bridge,
          aquarium_subvault_wall, aquarium_subvault_wall,
          aquarium_subvault_window], aquarium_window_1, aquarium_window_1,
          aquarium_window_1, aquarium_window_double, aquarium_view_4,
          aquarium_pool_five, portal_sewer_entry_e, serial_shops, shop,
          nicolae_shop_overgrown_old_shop, nicolae_zen_rock_garden
D:6:      layout_rooms, mainiacjoe_overflow_six_doors_small,
          gammafunk_ghost_abyssal_escape

Skill      XL: |  1  2  3  4  5  6  7  8 |
---------------+-------------------------+-----
Maces & Flails | 2 3 4 |  4.0
Armour         | 3 4 |  4.6
Shields        | 3 4 |  4.5
Dodging        | 2 3 4 |  4.6
Fighting       | 4 5 |  5.1

Action                   |  1- 3 |  4- 6 |  7- 9 || total
-------------------------+-------+-------+-------++-------
Melee: Flail             |   128 |    81 |   241 ||   450
       Kick              |    14 |    24 |    54 ||    92
Evoke: Wand              |       |       |     5 ||     5
  Use: Potion            |     4 |     1 |     7 ||    12
       Scroll            |     8 |     2 |    16 ||    26
Armor: Scale mail        |    58 |       |       ||    58
       Chain mail        |    21 |    50 |   195 ||   266
Dodge: Dodged            |    60 |    23 |   169 ||   252
Block: Buckler           |    31 |    19 |    80 ||   130
